 Dungeon Crawl Stone Soup version 0.18.1-48-g4cf74bf (webtiles) character file.

24 mopl the Twirler (level 3, -2/27 HPs)
             Began as a Vine Stalker Wanderer on Aug 28, 2016.
             Slain by Sigmund
             ... wielding a +0 scythe
              (8 damage)
             ... on level 2 of the Dungeon.
             The game lasted 00:02:36 (854 turns).

mopl the Twirler (Vine Stalker Wanderer)             Turns: 854, Time: 00:02:36

Health: -2/27      AC:  7    Str: 19    XL:     3   Next: 2%
Magic:  0/4        EV: 11    Int: 17    God:
Gold:   22         SH:  0    Dex: 14    Spells: 0 memorised, 2 levels left

rFire  . . .     SeeInvis .     c - +0 falchion
rCold  . . .     Gourm    .     a - +2 leather armour
rNeg   . . .     Faith    .     (no shield)
rPois  .         Spirit   +     (no helmet)
rElec  .         Dismiss  .     q - +1 cloak
rCorr  .         Reflect  .     (no gloves)
SustAt .         Harm     .     (no boots)
MR     .....                    (no amulet)
Stlth  ..........               (no ring)
                                (no ring)

@: brilliant, berserking, about to teleport, very quick, not resistant to
hostile enchantments, extremely unstealthy
A: fangs 2, regeneration 1, magic shield, antimagic bite, no device heal 3, rot
immunity
a: no special abilities


You were on level 2 of the Dungeon.
You were not hungry.

You visited 1 branch of the dungeon, and saw 2 of its levels.

You collected 22 gold pieces.

Inventory:

Hand Weapons
 c - a +0 falchion (weapon)
 l - a +0 dagger
Missiles
 o - 6 javelins (quivered)
Armour
 a - a +2 leather armour (worn)
 p - a +0 buckler
 q - a +1 cloak (worn)
Scrolls
 e - a scroll of remove curse {unknown}
 f - a scroll of magic mapping {unknown}
 h - a scroll of recharging {unknown}
 i - a scroll of enchant armour
Comestibles
 d - a bread ration
 g - a beef jerky
 k - a royal jelly


   Skills:
 + Level 1.5 Fighting
 * Level 2.6 Long Blades
   Level 2.6 Staves
 - Level 1.0 Throwing
 - Level 1.0 Dodging
 - Level 1.5 Stealth
 - Level 1.0 Shields


You had 2 spell levels left.
You didn't know any spells.

Dungeon Overview and Level Annotations

Branches:
Dungeon (2/15)

Altars:

Annotations:
D:2 Sigmund


Innate Abilities, Weirdness & Mutations

You have extremely sharp teeth.
Your natural rate of healing is unusually fast.
When hurt, damage is shared between your health and your magic reserves.
Your bite disrupts and absorbs the magic of your enemies.
Potions and wands cannot restore your health.
You are immune to rotting.


Message History

It is a scroll of enchant armour.
Enchant which item? (? for menu, Esc to quit)
Your +0 cloak glows green for a moment.
The jackal bites you but does no damage.
Something hits you. The jackal closely misses you.
The kobold moves out of view.
A giant newt comes into view.
Read which item? (? for menu, Esc to quit)
As you read the scroll of teleportation, it crumbles to dust.
You feel strangely unstable. The jackal closely misses you.
The giant newt moves out of view.
You barely miss the jackal. The jackal closely misses you. Something hits you!
* * * LOW HITPOINT WARNING * * *
The jackal barely misses you.
Drink which item? (? for menu, Esc to quit)
It was a potion of berserk rage.
A red film seems to cover your vision as you go berserk!
You feel yourself moving faster!
You feel mighty! The jackal barely misses you. Something hits you!
You die...

## .. # #.####
##. #...<#
#.#...#####.#
.....hh@....##
.##...####...#
..... #.#.#
.### #.#.#
#.#.#
######.#.#
#........# #
#.####.###
....####.#


You could see 2 jackals.

Vanquished Creatures
  2 dart slugs (D:1)
  A giant cockroach (D:1)
  4 goblins (D:1)
  2 jackals (D:1)
  A kobold (D:1)
  A quokka (D:1)
  2 bats (D:1)
  A giant newt (D:1)
  6 rats (D:1)
20 creatures vanquished.

Notes
Turn   | Place    | Note
--------------------------------------------------------------
     0 | D:1      | mopl the Vine Stalker Wanderer began the quest for the Orb.
     0 | D:1      | mopl set off with: a +2 leather armour, a scroll of teleportation, a +0 falchion, a bread ration
     0 | D:1      | Reached XP level 1. HP: 10/10 MP: 2/2
    28 | D:1      | Reached skill level 2 in Long Blades
   150 | D:1      | Reached XP level 2. HP: 14/14 MP: 3/3
   768 | D:1      | Reached XP level 3. HP: 18/18 MP: 4/4
   822 | D:2      | Noticed Sigmund
   854 | D:2      | Slain by Sigmund

Skill      XL: |  1 |
---------------+----+-----
Long Blades    | 2 |  2.6
Fighting       | |  1.5
Staves         | |  2.6
Throwing       | |  1.0
Dodging        | |  1.0
Stealth        | |  1.5
Shields        | |  1.0

Action                   || total
-------------------------++-------
Melee: Falchion          ||    53
       Bite              ||     5
  Use: Potion            ||     3
       Scroll            ||     2
 Stab: Sleeping          ||     1
Armor: Leather armour    ||    21
Dodge: Dodged            ||    46
